 Dungeon Crawl Stone Soup version 0.16.2-12-gd0ad4c3 (webtiles) character file.

161 dvd the Chiller (level 5, -2/32 HPs)
             Began as a High Elf Ice Elementalist on Oct 19, 2015.
             Was an Initiate of Ru.
             Killed from afar by an orc wizard (4 damage)
             ... with a magic dart
             ... on level 4 of the Dungeon.
             The game lasted 00:15:36 (3347 turns).

dvd the Chiller (High Elf Ice Elementalist)         Turns: 3347, Time: 00:15:36

Health: -2/32      AC:  3    Str:  7    XL:     5   Next: 19%
Magic:  10/15      EV: 13    Int: 20    God:    Ru [......]
Gold:   79         SH:  0    Dex: 15    Spells: 4 memorised, 1 level left

rFire  . . .     SeeInvis +     a - +0 short sword (freeze)
rCold  . . .     Clarity  .     e - +0 robe
rNeg   . . .     SustAb   .     (no shield)
rPois  .         Gourm    .     g - +0 helmet
rElec  .         Spirit   .     (no cloak)
rCorr  +         Warding  .     (no gloves)
rMut   .         Stasis   .     (no boots)
MR     .....                    l - amulet of resist corrosion
Stlth  ++........               (no ring)
                                u - ring of see invisible

@: not resistant to hostile enchantments, unstealthy
A: no striking features
a: Renounce Religion


You were on level 4 of the Dungeon.
You worshipped Ru.
Ru was noncommittal.
You were not hungry.

You visited 1 branch of the dungeon, and saw 5 of its levels.

You collected 79 gold pieces.

Inventory:

Hand weapons
 a - a +0 short sword of freezing (weapon)
 w - a +0 falchion
Armour
 e - a +0 robe (worn)
 g - a +0 helmet (worn)
Jewellery
 l - an amulet of resist corrosion (around neck)
 u - a ring of see invisible (left hand)
Scrolls
 d - 3 scrolls of magic mapping
 f - 2 scrolls of fog {unknown}
 j - 2 scrolls of enchant armour {unknown}
 k - a scroll of teleportation {unknown}
 o - 6 scrolls of remove curse {unknown}
 v - a scroll of amnesia {unknown}
 x - a scroll of noise {unknown}
 y - a scroll of identify {unknown}
Potions
 m - a potion of flight {unknown}
 p - a potion of might {unknown}
 q - a potion of haste {unknown}
 t - a potion of restore abilities
Books
 b - a book of Frost

   Spells                             Type                      Level
   a - Freeze                         Ice                          1
   b - Throw Frost                    Conjuration/Ice              2
   c - Ozocubu's Armour               Charms/Ice                   3
   d - Throw Icicle                   Conjuration/Ice              4
   e - Summon Ice Beast               Ice/Summoning                4
   f - Condensation Shield            Ice                          4
Comestibles
 c - 2 bread rations
 h - a slice of pizza
 n - a royal jelly
 s - 5 fruits


   Skills:
 + Level 0.4 Fighting
 + Level 1.0 Short Blades
 + Level 2.7 Dodging
 + Level 2.7 Stealth
 + Level 3.9 Spellcasting
 + Level 1.1 Conjurations
 + Level 0.2 Charms
 + Level 4.4 Ice Magic


You had one spell level left.
You knew the following spells:

 Your Spells              Type           Power        Failure   Level  Hunger
a - Freeze                Ice            ###.         2%          1    None
b - Throw Frost           Conj/Ice       ###...       10%         2    ##.....
c - Ozocubu's Armour      Chrm/Ice       ##......     17%         3    ###....
d - Condensation Shield   Ice            ###.......   24%         4    ####...


Dungeon Overview and Level Annotations

Branches:
Dungeon (5/15)
 Temple: D:4-7

Altars:
Ru

Annotations:
D:3 daftwullie's ghost, average GrEE


Message History

The orc wizard points at you and mumbles some strange words.
The magic dart hits you!
* * * LOW HITPOINT WARNING * * *
The orc wizard hits you with an enchanted dagger.
* * * LOW HITPOINT WARNING * * *
Drink which item? (? for menu, Esc to quit)
It was a potion of curing.
You feel better.
The orc wizard hits you with an enchanted dagger.
* * * LOW HITPOINT WARNING * * *
The orc hits you from afar with a trident.
* * * LOW HITPOINT WARNING * * *
The orc wizard hits you with an enchanted dagger.
* * * LOW HITPOINT WARNING * * *
Read which item? (? for menu, Esc to quit)
As you read the scroll labeled SIPLAOH YLARU, it crumbles to dust.
You feel aware of your surroundings.
You sensed 1 altar.
It was a scroll of magic mapping.
The orc misses you.
The orc wizard gestures at you while chanting.
The magic dart hits you!
You die...

,,,,,,,,,*,**,,#..***,*
,,,,,,,,,,,,,,,#...,,,*
,,,,****,*,**,,...#**,* ********
,,,,* *,*,**,,#..# *,* *,,,,,,,
,,,,* *,,,,,,,#..# *,* *,*****,
,,,,* ****,#,,#..#*#,* *,* *,
,**** *.o,,#..#.#,* *,* *,
,*******####o,,#..#.#,* *,* *,
,,,,,,,,....o*,#@...#,* *,* *,
,,,,,,,,.....,,#o.#.#,* *,* *,
,,,,,,,......###o.#.#####*,* *,
,,********,#.o.o..........,* *,
,,* *,#..##.(#######*** *, ,,*
*,##)##..# *, ,,* **,*#..#..# ###
*, ,,* *,,,##....######.#******,
,,*******,,,*#...........#,,,,,,,


You could see an orc priest, an orc wizard and an orc.

Vanquished Creatures
  A worker ant (D:4)
  3 adders
  A giant mite (D:3)
  4 worms
  4 giant geckos
  3 oozes
  3 orcs (D:3)
  2 ball pythons
  2 giant cockroaches
  4 goblins
  10 hobgoblins
  5 jackals
  2 quokkas
  13 bats
  4 giant newts
  6 kobolds
  6 rats
73 creatures vanquished.

Notes
Turn   | Place    | Note
--------------------------------------------------------------
     0 | D:1      | dvd, the High Elf Ice Elementalist, began the quest for the Orb.
     0 | D:1      | Reached XP level 1. HP: 11/11 MP: 4/4
   233 | D:1      | Reached XP level 2. HP: 12/17 MP: 6/6
   386 | D:1      | Learned a level 2 spell: Throw Frost
  1342 | D:1      | Reached XP level 3. HP: 21/21 MP: 5/8
  1445 | D:1      | Learned a level 3 spell: Ozocubu's Armour
  2045 | D:2      | Reached skill level 4 in Ice Magic
  2162 | D:2      | Reached XP level 4. HP: 25/27 MP: 9/12
  2442 | D:2      | Found a sacrificial altar of Ru.
  2505 | D:2      | Became a worshipper of Ru the Awakened
  2630 | D:3      | Learned a level 4 spell: Condensation Shield
  2928 | D:3      | Noticed daftwullie's ghost (average GrEE)
  2935 | D:3      | You fall through a shaft!
  2935 | D:5      | Entered Level 5 of the Dungeon
  3090 | D:4      | Reached XP level 5. HP: 20/32 MP: 11/15
  3334 | D:4      | Reached skill level 1 in Short Blades
  3347 | D:4      | Killed from afar by an orc wizard

Action                   |  1- 3 |  4- 6 || total
-------------------------+-------+-------++-------
Melee: Unarmed           |     5 |       ||     5
       Dagger            |    29 |       ||    29
       Short sword       |    26 |    50 ||    76
 Cast: Freeze            |    58 |    40 ||    98
       Throw Frost       |     6 |     6 ||    12
       Ozocubu's Armour  |     4 |     7 ||    11
  Use: Potion            |       |     2 ||     2
       Scroll            |       |     1 ||     1
 Stab: Sleeping          |     6 |     3 ||     9
  Eat: Chunk             |     5 |     4 ||     9
